 Dungeon Crawl Stone Soup version 0.26.1-10-gdfb7c7de75 (webtiles) character file.

Game seed: 466406082850819283

593 Eitelfritz the Slasher (level 7, -3/60 HPs)
             Began as a Hill Orc Fighter on Apr 11, 2021.
             Slain by a phantom (6 damage)
             ... on level 4 of the Dungeon.
             The game lasted 00:09:22 (4204 turns).

Eitelfritz the Slasher (Hill Orc Fighter)           Turns: 4204, Time: 00:09:23

Health: -3/60      AC:  7    Str: 21    XL:     7   Next: 39%
Magic:  6/6        EV:  8    Int:  8    God:
Gold:   90         SH: 10    Dex: 10    Spells: 6/6 levels left

rFire    . . .     SeeInvis .   a - +0 long sword
rCold    . . .     Faith    .   c - +0 kite shield
rNeg     . . .     Spirit   .   n - +0 scale mail
rPois    .         Reflect  .   (no helmet)
rElec    .         Harm     .   (no cloak)
rCorr    .         Rampage  .   (no gloves)
Will     .....                  (no boots)
Stlth    ..........             (no amulet)
HPRegen  0.20/turn              (no ring)
MPRegen  0.10/turn              (no ring)

@: lethally poisoned (-3 -> -4)
A: fangs 1, blink, low mp 1, MP-powered wands
a: Blink


You were on level 4 of the Dungeon.
You visited 1 branch of the dungeon, and saw 4 of its levels.
You also visited: Sewer.

You collected 90 gold pieces.

Inventory:

Hand Weapons
 a - a +0 long sword (weapon)
 b - a +0 hunting sling
 q - a cursed -1 long sword
 v - a +0 hand crossbow
 y - a +0 hand crossbow
Missiles
 o - 148 stones (quivered)
 x - 3 poisoned darts
Armour
 c - a +0 kite shield (worn)
 n - a +0 scale mail (worn)
Jewellery
 A - an uncursed amulet of faith {unknown}
Scrolls
 d - 2 scrolls of fear {unknown}
 e - 10 scrolls of identify {unknown}
 f - a scroll of teleportation {unknown}
 i - 2 scrolls of remove curse {unknown}
 j - a scroll of enchant armour {unknown}
 k - a scroll of amnesia {unknown}
 p - a scroll of enchant weapon {unknown}
 s - a scroll of fog {unknown}
Potions
 g - a potion of mutation
 h - a potion of degeneration {unknown}
 l - a potion of haste {unknown}
 m - 2 potions of attraction {unknown}
 r - a potion of resistance {unknown}
 t - 6 potions of heal wounds {unknown}
 z - 2 potions of flight {unknown}


   Skills:
 + Level 4.6 Fighting
 + Level 5.5 Long Blades
 + Level 0.2 Slings
 + Level 4.8 Armour
 + Level 1.9 Dodging
 + Level 0.1 Stealth
 + Level 5.1 Shields


You had 6 spell levels left.
You didn't know any spells.
Your spell library was empty.

Dungeon Overview and Level Annotations

Branches:
Dungeon (4/15)              Sewer (visited)
 Temple: D:4-7

Altars:
Okawaru


Innate Abilities, Weirdness & Mutations

You have very sharp teeth.
You can translocate small distances at will.
Your magical capacity is low. (-10% MP)
You expend magic power (3 MP) to strengthen your wands.


Message History

You feel sick.
You closely miss the phantom.
You feel sick.
The phantom hits you but does no damage.
You closely miss the phantom.
The phantom blinks!
You feel sick.
The phantom blinks!
You open the door. The phantom hits you.
* * * LOW HITPOINT WARNING * * *
The phantom blinks!
You feel sick.
There is an open door here.
The phantom hits you.
* * * LOW HITPOINT WARNING * * *
You feel sick.
You feel sick.
The phantom blinks!
You slash the phantom!
The phantom is moderately damaged.
The phantom hits you.
You die...

#.....+........+.................
..#.###........##................
#.#.# #......................
#.#.# #####..####.....#.#'###....
#.#.# #<.......#......#..........
#.#.########.#.#))....#..........
#.#..........#.†<.....'.........B
#.#####################......#...
......W@............# ..
####################.. ..


You could see a phantom.

Vanquished Creatures
  Sigmund (D:4)
  A phantom (D:2)
  A big kobold (Sewer)
  Blork the orc (D:4)
  A bullfrog skeleton (D:4)
  2 worker ants
  4 adders
  4 oozes
  5 worms
  A dart slug (D:1)
  2 leopard geckos
  An orc (D:4)
  4 ball pythons
  7 giant cockroaches
  4 goblins (D:2)
  7 hobgoblins
  3 jackals (D:1)
  2 quokkas (D:2)
  7 bats
  6 frilled lizards
  15 kobolds
  10 rats
89 creatures vanquished.

Vanquished Creatures (others)
  A plant (Sewer)
1 creature vanquished.

Grand Total: 90 creatures vanquished

Notes
Turn   | Place    | Note
-------+----------+-------------------------------------------
     0 | D:1      | Eitelfritz the Hill Orc Fighter began the quest for the
                  | Orb.
     0 | D:1      | Reached XP level 1. HP: 19/19 MP: 1/1
   352 | D:1      | Reached XP level 2. HP: 19/27 MP: 2/2
  1374 | D:2      | Reached XP level 3. HP: 30/33 MP: 3/3
  1618 | D:2      | Noticed a phantom
  1666 | D:2      | HP: 1/33 [phantom (1)]
  1667 | D:2      | Gained mutation: Your magical capacity is low. (-10% MP)
                  | [potion of mutation]
  1667 | D:2      | Gained mutation: You can translocate small distances at
                  | will. [potion of mutation]
  1667 | D:2      | Gained mutation: You have very sharp teeth. [potion of
                  | mutation]
  1667 | D:2      | Gained mutation: You expend magic power (3 MP) to
                  | strengthen your wands. [potion of mutation]
  1675 | D:2      | Killed a phantom
  1676 | D:2      | Reached XP level 4. HP: 10/40 MP: 3/3
  1676 | D:2      | Reached XP level 5. HP: 12/46 MP: 4/4
  2679 | D:3      | Found a glowing drain.
  2711 | Sewer    | Entered a sewer
  3057 | Sewer    | Noticed a big kobold
  3090 | Sewer    | Killed a big kobold
  3091 | Sewer    | Reached skill level 1 in Dodging
  3091 | Sewer    | Reached XP level 6. HP: 7/53 MP: 5/5
  3473 | D:3      | Found a faded altar of an unknown god.
  3652 | D:3      | Found an iron altar of Okawaru.
  3809 | D:4      | Noticed Sigmund
  3835 | D:4      | HP: 2/53 [something (5)]
  3836 | D:4      | Killed Sigmund
  3837 | D:4      | Reached skill level 5 in Long Blades
  3837 | D:4      | Reached skill level 5 in Shields
  3837 | D:4      | Reached XP level 7. HP: 3/60 MP: 6/6
  3888 | D:4      | Noticed Blork the orc
  4186 | D:4      | Killed Blork the orc
  4196 | D:4      | HP: 3/60 [phantom (2)]
  4202 | D:4      | HP: 2/60 [poisoned by a worker ant]
  4204 | D:4      | Slain by a phantom

Illustrated notes

Levels and vault maps discovered:
D:1:      roderic_crop_circles_arrival_small, layout_basic, minmay_hedge_maze
D:2:      layout_loops_ring
D:3:      layout_rooms, marbit_many_paths, chequers_ecumenical_altar_simple,
          cheibrodos_sewer_entry_sluice, amethyst_killhole
D:4:      layout_basic, enter_ossuary_3, serial_shops, shop, minmay_small_thing,
          uniq_blork_the_orc, uniq_sigmund

Skill      XL: |  1  2  3  4  5  6 |
---------------+-------------------+-----
Fighting       | 4 |  4.6
Long Blades    | 3 4 5 |  5.5
Shields        | 4 5 |  5.1
Armour         | 4 |  4.8
Dodging        | 1 |  1.9
Slings         | |  0.2
Stealth        | |  0.1

Action                   |  1- 3 |  4- 6 |  7- 9 || total
-------------------------+-------+-------+-------++-------
Melee: Long sword        |   149 |   210 |    19 ||   378
       Bite              |       |    29 |     2 ||    31
 Fire: Hunting sling     |       |     3 |       ||     3
  Use: Potion            |     3 |     3 |       ||     6
Armor: Scale mail        |    54 |   129 |    10 ||   193
Dodge: Dodged            |    34 |    90 |     5 ||   129
Block: Kite shield       |    69 |   130 |    15 ||   214
       Rpst.: Long sword |    12 |    19 |       ||    31
